 Dungeon Crawl Stone Soup version 0.28.0-45-g0d030f2227 (webtiles) character file.

Game seed: 13636999693090962384

157678 jdsmith2816 the Wrestler (level 16, -4/138 HPs)
             Began as a Troll Monk on Apr 9, 2022.
             Was a High Priest of Ru.
             Killed by divine providence
             ... invoked by a meliai
              (14 damage)
             ... on level 4 of the Spider Nest.
             The game lasted 02:31:59 (25191 turns).

jdsmith2816 the Wrestler (Troll Monk)              Turns: 25191, Time: 02:32:01

Health: -4/138     AC:  8    Str: 23 (25) XL:     16   Next: 85%
Magic:  3/13       EV:  8    Int:  1 (7)  God:    Ru [*****.]
Gold:   2773       SH: 25    Dex: 21      Spells: 15/15 levels left

rFire   x . .      SeeInvis .     - Unarmed
rCold   . . .      Faith    .   h - +8 tower shield "Odaciona" {rF- Will+ Int+2}
rNeg    + + .      Spirit   .   W - +0 acid dragon scales
rPois   +          Reflect  .   (helmet restricted)
rElec   .          Harm     .   j - +2 ratskin cloak {*Rats rPois rN+ Str-1 Int-1 Dex+1}
rCorr   +          Rampage  .   (gloves unavailable)
Will    +....                   (boots unavailable)
Stlth   +.........              m - amulet of regeneration
HPRegen 1.93/turn               Q - +4 ring of slaying
MPRegen 0.13/turn               c - ring "Reczo" {rPois rN+ Str+3 Dex+4 Slay+2}

@: mighty, silenced
A: large, unfitting armour, claws 3, clumsy 1, low MP 1, regeneration 1, shaggy
fur 1, tough skin 1, no fire magic, no hexes magic, no translocations magic,
weak-willed 1, unskilled 1, deformed body, frail 1, no potion heal 1, subdued
magic 1
}: 1/15 runes: gossamer
a: Renounce Religion, Sacrifice Words, Sacrifice Stealth, Sacrifice Experience,
Reject Sacrifices


You were on level 4 of the Spider Nest.
You worshipped Ru.
Ru was extremely pleased with you.
You visited 5 branches of the dungeon, and saw 28 of its levels.

You collected 2773 gold pieces.

Inventory:

Hand Weapons
 b - a +2 whip of electrocution
Missiles
 S - 5 silver javelins
 X - 5 large rocks (quivered)
Armour
 h - the +8 tower shield "Odaciona" (worn) {rF- Will+ Int+2}
   (You acquired it on level 1 of the Orcish Mines)

   Int:       It affects your intelligence (+2).
   rF:        It makes you vulnerable to fire.
   Will:      It increases your willpower.
 j - the +2 ratskin cloak (worn) {*Rats rPois rN+ Str-1 Int-1 Dex+1}
   (You found it on level 4 of the Dungeon)

   When the wearer is hurt, rats may emerge from it to assist them.
   Str:       It affects your strength (-1).
   Int:       It affects your intelligence (-1).
   Dex:       It affects your dexterity (+1).
   rPois:     It protects you from poison.
   rN:        It protects you from negative energy.
 W - +0 acid dragon scales (worn)
Jewellery
 c - the ring "Reczo" (right claw) {rPois rN+ Str+3 Dex+4 Slay+2}
   (You found it on level 14 of the Dungeon)

   [ring of positive energy]

   Str:       It affects your strength (+3).
   Dex:       It affects your dexterity (+4).
   Slay:      It affects your accuracy & damage with ranged weapons and melee
   (+2).
   rPois:     It protects you from poison.
   rN:        It protects you from negative energy.
 m - an amulet of regeneration (around neck)
 n - the ring "Yrhuesmu" {Ice MP+9}
   (You found it on level 2 of the Orcish Mines)

   [ring of ice]

   It enhances your ice magic.
   rF:        It makes you vulnerable to fire.
   rC:        It protects you from cold.
   MP:        It affects your magic capacity (+9).
 r - a +4 ring of protection
 t - a ring of wizardry
 B - a ring of willpower
 D - a ring of positive energy
 Q - a +4 ring of slaying (left claw)
Wands
 e - a wand of mindburst (17)
 i - a wand of flame (45)
 H - a wand of iceblast (11)
 K - a wand of acid (6)
 Z - a wand of digging (6)
Scrolls
 d - 5 scrolls of teleportation
 f - 7 scrolls of fog
 g - 2 scrolls of fear
 k - 3 scrolls of enchant weapon
 o - a scroll of silence
 s - 5 scrolls of identify
 w - a scroll of enchant armour
 x - 2 scrolls of magic mapping
 U - 2 scrolls of torment
Potions
 a - a potion of cancellation
 l - 4 potions of brilliance
 p - 3 potions of might
 v - 11 potions of curing
 G - 4 potions of mutation
 P - 3 potions of flight


   Skills:
 - Level 8.8 Fighting
 - Level 0.5 Maces & Flails
 - Level 5.7 Throwing
 - Level 0.8 Armour
 + Level 3.0 Dodging
 - Level 0.9 Stealth
 * Level 9.0 Shields
 - Level 23.0 Unarmed Combat
 - Level 1.2 Evocations


You had 15 spell levels left.
You didn't know any spells.
Your spell library contained the following spells:

 Spells                   Type           Power      Damage    Failure   Level
 Animate Skeleton         Necr           0%         N/A       98%         1
 Beastly Appendage        Tmut           0%         N/A       98%         1
 Magic Dart               Conj           0%         1d3       98%         1
 Pain                     Necr           0%         1d4       98%         1
 Sting                    Tmut/Pois      0%         1d3       98%         1
 Corpse Rot               Necr/Air       0%         N/A       99%         2
 Passwall                 Tmut/Erth      0%         N/A       99%         2
 Poisonous Vapours        Pois/Air       0%         N/A       99%         2
 Searing Ray              Conj           0%         2d4       99%         2
 Sublimation of Blood     Necr           0%         N/A       99%         2
 Wereblood                Tmut           0%         N/A       99%         2
 Call Canine Familiar     Summ           0%         N/A       100%        3
 Spider Form              Tmut/Pois      0%         N/A       100%        3
 Swiftness                Air            0%         N/A       100%        3
 Vampiric Draining        Necr           0%         2d6       100%        3
 Airstrike                Air            0%         N/A       100%        4
 Dispel Undead            Necr           0%         3d6       100%        4
 Olgreb's Toxic Radiance  Pois           0%         N/A       100%        4
 Petrify                  Tmut/Erth      0%         N/A       100%        4
 Summon Lightning Spire   Summ/Air       0%         N/A       100%        4
 Irradiate                Conj/Tmut      0%         3d14      100%        5
 Lightning Bolt           Conj/Air       0%         1d11      100%        5
 Death Channel            Necr           0%         N/A       100%        6
 Ensorcelled Hibernation  Hex/Ice        Unusable   N/A       N/A         2
 Portal Projectile        Hex/Tloc       Unusable   N/A       N/A         3
 Fulminant Prism          Conj/Hex       Unusable   3d6       N/A         4
 Leda's Liquefaction      Hex/Erth       Unusable   N/A       N/A         4

Dungeon Overview and Level Annotations

Branches:
Dungeon (15/15)            Temple (1/1) D:6            Lair (6/6) D:10
 Shoals (0/4) Lair:4       Spider (4/4) Lair:3        Slime (0/5) Lair:5
    Orc (2/2) D:11            Elf (0/3) Orc:2        Vaults (0/5) D:14
 Depths: D:15

Altars:
Ashenzari
Cheibriados
Dithmenos
Elyvilon
Fedhas
Gozag
Hepliaklqana
Kikubaaqudgha
Makhleb
Nemelex Xobeh
Okawaru
Qazlal
Ru
Sif Muna
Trog
Uskayaw
Vehumet
Wu Jian
Xom
Yredelemnul
Zin
The Shining One
Beogh

Shops:
Orc:2 [**(

Annotations:
D:7 1 runed translucent door, Crazy Yiuf
D:12 2 transporters, GilGalad's ghost, journeyman MfBe
Lair:2 2 transporters, pkoi's ghost, journeyman DgAE
Spider:2 Roxanne


Innate Abilities, Weirdness & Mutations

You are too large for most types of armour.
You have claws for hands.
You are clumsy. (Dex -2)
Your magical capacity is low. (-10% MP)
Your natural rate of healing is unusually fast.
You are covered in fur. (AC +1)
You have tough skin. (AC +1)
You cannot study or cast Fire magic.
You cannot study or cast Hexes magic.
You cannot study or cast Translocations magic.
You are slightly weak-willed. (Will-)
You are somewhat unskilled. (-1 Apt)
Armour fits poorly on your strangely shaped body.
You are frail. (-10% HP)
Potions are less effective at restoring your health.
Your spells are a little easier to cast, but a little less powerful.


Message History

You feel much better.
Your surroundings suddenly seem different.
Found a glaive.
You redirect the orb spider's attack!
The orb spider begins to attack, but is stunned by your conviction!
The orb spider weaves a glowing orb of energy.
An orb of destruction comes into view.
You cannot call out to Ru while silenced.
You feel very mighty all of a sudden.
The orb of destruction hits the tarantella!!!!
The tarantella is blown up!
The redback bites you!
* * * LOW HITPOINT WARNING * * *
You claw the wolf spider!
The wolf spider is lightly wounded.
The wolf spider hits you.
* * * LOW HITPOINT WARNING * * *
The wolf spider bites you.
* * * LOW HITPOINT WARNING * * *
You focus your inner power and illuminate the wolf spider in retribution!
You eviscerate the wolf spider!!!
The wolf spider is almost dead.
You block the wolf spider's attack. x2
You mangle the wolf spider!!
You kill the wolf spider!
The meliai calls down the wrath of its god upon you.
Something smites you!
* * * LOW HITPOINT WARNING * * *
You block the tarantella's attack. x2
You feel your strength returning.
Your life force feels restored.
Your Shields skill increases to level 9!
Magic scrolls do not work when you're silenced!
You mangle the redback!!
The redback is severely wounded.
The redback bites you but does no damage.
The orb spider begins to attack, but is stunned by your conviction!
You block the tarantella's attack.
The meliai invokes the aid of its god against you.
Something smites you!
You die...

^#...# . ....##..
#..#
..≈#≈..^###.^.^
...^≈#^^^^^^^≈^
......# .......###
.....#.#.......#.##
....°.........^...#
≈≈≈≈≈≈≈≈..#...ss.^#
≈≈≈≈≈≈≈≈.....^.#@.#
≈≈≈≈≈≈≈≈≈≈#....s###
#####≈≈≈≈≈...#...#
≈.#^##≈≈≈≈#..y^..#
...^.##≈≈≈..s.^.###
≈#.?≈≈# ≈≈.s....^^#
.!!..^#≈...^)....^#
..[...^.^.^#^....^#
.[!!.≈#≈.##^..^^..#


You could see an orb spider, 2 tarantellas, 2 redbacks and a meliai (strong).

Vanquished Creatures
  Asterion (Spider:3)
  Kirke (Spider:4)
  Agnes (Spider:3)
  An orc warlord (D:11)
  3 ghost moths
  2 emperor scorpions (Spider:4)
  3 broodmothers
  3 entropy weavers
  2 spark wasps
  Snorg (D:14)
  Harold (Lair:1)
  5 boulder beetles
  4 hydras
  A jorogumo (Spider:3)
  The ghost of scmurray15 the Impaler, a journeyman MfMo of Okawaru (Orc:2)
  A merfolk avatar (Lair:6)
  3 centaur warriors
  5 radroaches
  A tengu warrior (D:14)
  An alligator (Lair:6)
  8 death yaks
  5 two-headed ogres
  Urug (Lair:5)
  Nergalle (Lair:3)
  Sonja (Lair:3)
  A sun moth (Spider:3)
  4 pharaoh ants
  10 orb spiders
  3 steelbarb worms
  Pikel (D:6)
  6 orc knights
  A lindwurm (Lair:3)
  3 deep elf pyromancers
  2 harpies (Lair:6)
  16 wolf spiders
  A necromancer (D:14)
  3 ugly things
  2 moths of wrath
  5 manticores
  13 elephants
  A guardian serpent (D:13)
  A cyclops (D:11)
  2 merfolk sirens (Lair:4)
  5 black mambas
  2 gargoyles (D:11)
  2 torpor snails
  An efreet (D:14)
  A kobold demonologist (D:12)
  12 cane toads
  10 demonic crawlers
  9 rime drakes
  4 komodo dragons
  7 trolls
  2 merfolk (Lair:4)
  A hornet (shapeshifter) (D:14)
  11 polar bears
  12 meliai
  A wind drake (Lair:6)
  20 blink frogs
  3 slime creatures (D:12)
  A hornet (Lair:6)
  21 tarantellas
  14 dream sheep
  4 shadows
  5 centaur simulacra
  2 snapping turtles (Lair:6)
  19 jumping spiders
  18 culicivoras
  8 wyverns
  2 wraiths
  6 basilisks
  70 yaks
  6 vampire mosquitoes (D:11)
  5 hogs (Spider:4)
  2 steam dragons
  44 redbacks
  4 wargs
  2 acid dragons
  14 water moccasins
  58 orc warriors
  An ice beast (D:6)
  3 black bears
  7 ogres
  10 centaurs
  2 phantoms
  11 wolves
  A lemure (D:6)
  A gnoll sergeant (Orc:2)
  19 bullfrogs
  5 scorpions
  17 killer bees
  2 electric eels (D:11)
  5 howler monkeys
  4 centaur zombies
  13 jellies
  3 hounds
  A centaur skeleton (D:6)
  17 orc priests
  7 iguanas
  19 orc wizards
  A killer bee zombie (D:3)
  A howler monkey zombie (D:5)
  11 gnolls
  7 adders
  2 howler monkey skeletons
  3 shadow imps (D:6)
  4 white imps
  4 ufetubi
  2 worms
  A dart slug (D:1)
  105 orcs
  6 bats
  11 endoplasms
  4 giant cockroaches (D:2)
  5 goblins
  6 hobgoblins
  7 jackals
  5 quokkas
  7 ball pythons
  4 frilled lizards
  7 kobolds
  3 rats
894 creatures vanquished.

Vanquished Creatures (collateral kills)
  A death yak (Lair:5)
  2 pharaoh ants
  A torpor snail (Spider:2)
  A cane toad (Lair:1)
  A komodo dragon (Lair:5)
  A polar bear (Lair:1)
  2 slime creatures (D:12)
  2 tarantellas
  2 redbacks (Spider:2)
  An orc warrior (D:11)
  A killer bee (D:9)
  4 gnolls (D:5)
  An orc (Orc:1)
20 creatures vanquished.

Vanquished Creatures (others)
  A broodmother (Spider:3)
  A hydra (D:13)
  A two-headed ogre (D:11)
  A wizard (D:14)
  A komodo dragon (Lair:3)
  A tarantella (Spider:4)
  A culicivora (Spider:2)
  A centaur simulacrum (D:11)
  A wraith (D:10)
  An orc wizard (D:10)
  A gnoll (Orc:2)
  5 orcs
  2 bushes (Lair:3)
  76 fungi
  57 plants
151 creatures vanquished.

Grand Total: 1065 creatures vanquished

Notes
Turn   | Place    | Note
-------+----------+-------------------------------------------
     0 | D:1      | jdsmith2816 the Troll Monk began the quest for the Orb.
     0 | D:1      | Reached XP level 1. HP: 22/22 MP: 0/0
   237 | D:1      | Reached XP level 2. HP: 29/29 MP: 1/1
   926 | D:2      | Reached XP level 3. HP: 34/36 MP: 2/2
  1008 | D:2      | Reached skill level 4 in Unarmed Combat
  1056 | D:2      | Reached XP level 4. HP: 35/45 MP: 3/3
  1865 | D:3      | Reached skill level 5 in Unarmed Combat
  1876 | D:3      | Reached XP level 5. HP: 48/53 MP: 4/4
  2196 | D:3      | Found a faded altar of an unknown god.
  2885 | D:4      | Reached skill level 6 in Unarmed Combat
  2977 | D:4      | Reached XP level 6. HP: 60/61 MP: 5/5
  3104 | D:4      | Found the +2 ratskin cloak {*Rats rPois rN+ Str-1 Int-1
                  | Dex+1}
  3497 | D:5      | Entered Level 5 of the Dungeon
  3523 | D:5      | Reached skill level 7 in Unarmed Combat
  3597 | D:5      | Reached XP level 7. HP: 66/67 MP: 6/6
  3841 | D:5      | Reached skill level 8 in Unarmed Combat
  4488 | D:6      | Reached skill level 9 in Unarmed Combat
  4500 | D:6      | Reached XP level 8. HP: 75/75 MP: 7/7
  4516 | D:6      | Found a staircase to the Ecumenical Temple.
  4532 | Temple   | Entered the Ecumenical Temple
  5094 | Temple   | Became a worshipper of Ru the Awakened
  5099 | Temple   | Gained mutation: You cannot study or cast Fire magic. [Ru
                  | sacrifice]
  5099 | Temple   | Gained mutation: You cannot study or cast Hexes magic. [Ru
                  | sacrifice]
  5099 | Temple   | Gained mutation: You cannot study or cast Translocations
                  | magic. [Ru sacrifice]
  5099 | Temple   | Reached * piety under Ru
  5164 | D:6      | Reached skill level 10 in Unarmed Combat
  5304 | D:6      | Noticed Pikel
  5324 | D:6      | Killed Pikel
  5325 | D:6      | Reached skill level 11 in Unarmed Combat
  5381 | D:6      | Found a shimmering altar of Xom.
  5756 | D:7      | Reached XP level 9. HP: 83/83 MP: 8/8
  5857 | D:7      | Found a runed translucent door.
  5858 | D:7      | Noticed Crazy Yiuf
  6013 | D:7      | Reached skill level 12 in Unarmed Combat
  6690 | D:8      | Noticed a komodo dragon
  6945 | D:8      | Killed a komodo dragon
  6946 | D:8      | Reached skill level 13 in Unarmed Combat
  7172 | D:9      | Reached skill level 14 in Unarmed Combat
  7175 | D:9      | Reached XP level 10. HP: 72/91 MP: 9/9
  7191 | D:9      | Noticed a two-headed ogre
  7213 | D:9      | Killed a two-headed ogre
  7261 | D:9      | Reached skill level 15 in Unarmed Combat
  7310 | D:9      | Gained mutation: You are slightly weak-willed. (Will-) [Ru
                  | sacrifice]
  7310 | D:9      | Reached ** piety under Ru
  7344 | D:9      | You fall into a shaft and drop 1 floor!
  7344 | D:10     | Entered Level 10 of the Dungeon
  8013 | D:10     | Reached skill level 16 in Unarmed Combat
  8155 | D:10     | Found a staircase to the Lair.
  8313 | D:10     | Reached XP level 11. HP: 92/100 MP: 10/10
  8456 | D:11     | Noticed a two-headed ogre
  8457 | D:11     | Noticed a two-headed ogre
  8457 | D:11     | Noticed a brown ugly thing
  8479 | Lair:1   | Entered Level 1 of the Lair of Beasts
  8482 | Lair:1   | Noticed a four-headed hydra
  8506 | D:10     | Killed a four-headed hydra
  8582 | Lair:1   | Reached skill level 17 in Unarmed Combat
  8649 | Lair:1   | Reached skill level 1 in Armour
  8753 | Lair:1   | Noticed Harold
  8768 | Lair:1   | Killed Harold
  9093 | Lair:1   | Reached skill level 18 in Unarmed Combat
  9119 | Lair:1   | Gained mutation: You are clumsy. (Dex -2) [Ru sacrifice]
  9119 | Lair:1   | Reached *** piety under Ru
  9606 | Lair:2   | Reached XP level 12. HP: 110/110 MP: 11/11
  9656 | Lair:2   | Found a transporter.
  9730 | Lair:2   | Noticed pkoi's ghost (journeyman DgAE)
  9734 | Lair:2   | Found a bloodstained altar of Trog.
  9801 | Lair:2   | Found a transporter.
 10010 | Lair:2   | Reached skill level 19 in Unarmed Combat
 10111 | Lair:2   | Reached skill level 5 in Fighting
 10369 | Lair:3   | Noticed a death yak
 10372 | Lair:3   | Noticed a death yak
 10389 | Lair:3   | Killed a death yak
 10389 | Lair:3   | Noticed a death yak
 10393 | Lair:3   | Noticed a death yak
 10397 | Lair:3   | Noticed a death yak
 10405 | Lair:2   | Killed a death yak
 10460 | Lair:3   | Found a hole to the Spider Nest.
 10533 | Lair:3   | Noticed Nergalle
 10540 | Lair:3   | Killed Nergalle
 10631 | Lair:3   | Reached skill level 20 in Unarmed Combat
 10853 | Lair:3   | Reached skill level 1 in Throwing
 10877 | Lair:3   | Gained mutation: Your magical capacity is low. (-10% MP)
                  | [Ru sacrifice]
 10965 | Lair:3   | Noticed a seven-headed hydra
 10967 | Lair:3   | Noticed Sonja
 10973 | Lair:3   | Killed a seven-headed hydra
 10974 | Lair:3   | Reached XP level 13. HP: 98/118 MP: 10/10
 10979 | Lair:3   | Killed Sonja
 11184 | Lair:3   | Reached skill level 21 in Unarmed Combat
 11272 | Lair:3   | Reached skill level 1 in Evocations
 11585 | Lair:4   | Reached skill level 1 in Shields
 11626 | Lair:4   | Found a staircase to the Shoals.
 12493 | Lair:5   | Noticed Urug
 12510 | Lair:5   | Killed Urug
 12778 | Lair:5   | Gained mutation: You are somewhat unskilled. (-1 Apt) [Ru
                  | sacrifice]
 12778 | Lair:5   | Reduced skill Fighting to level 5
 12778 | Lair:5   | Reduced skill Unarmed Combat to level 20
 12778 | Lair:5   | Reached **** piety under Ru
 12778 | Lair:5   | Reached ***** piety under Ru
 13400 | Lair:5   | Found a staircase to the Slime Pits.
 13655 | Lair:6   | Entered Level 6 of the Lair of Beasts
 13768 | Lair:6   | Reached XP level 14. HP: 85/120 MP: 11/11
 14286 | Lair:6   | Identified the +10 rapier "Xuofoh" {vorpal, Fly rN+ Dex-3}
 14575 | Lair:6   | Paralysed by a hornet for 1 turns
 15059 | D:11     | Reached skill level 21 in Unarmed Combat
 15183 | D:11     | Reached skill level 1 in Throwing
 15323 | D:11     | Found a staircase to the Orcish Mines.
 15606 | D:11     | Reached skill level 5 in Shields
 15995 | Orc:1    | Entered Level 1 of the Orcish Mines
 15996 | Orc:1    | Noticed an orc warlord
 16321 | D:11     | Killed an orc warlord
 16649 | Orc:1    | Identified a scroll of acquirement
 16649 | Orc:1    | Acquired the +8 tower shield "Odaciona" {rF- Will+ Int+2}
 16678 | Orc:2    | Entered Level 2 of the Orcish Mines
 16678 | Orc:2    | Found a staircase to the Elven Halls.
 16967 | Orc:1    | Reached XP level 15. HP: 113/119 MP: 12/12
 17051 | Orc:2    | Found a runed translucent door.
 17052 | Orc:2    | Noticed scmurray15's ghost (journeyman MfMo)
 17526 | Orc:2    | Found Nedin's General Store.
 17526 | Orc:2    | Found Nudeheol's Assorted Antiques.
 17528 | Orc:2    | Found Quhyjome's Armour Shoppe.
 17530 | Orc:2    | Found Oruonuuc's Weapon Boutique.
 17639 | Orc:2    | Killed scmurray15's ghost
 17643 | Orc:2    | Identified the ring "Yrhuesmu" {Ice MP+9}
 18346 | D:12     | Gained mutation: You have hidden genetic defects. [a
                  | neqoxec]
 18565 | D:12     | Found a transporter.
 18570 | D:12     | Noticed GilGalad's ghost (journeyman MfBe)
 18677 | D:12     | Found a transporter.
 19630 | D:14     | Found an iron altar of Okawaru.
 19681 | D:14     | Identified the ring "Reczo" {rPois rN+ Str+3 Dex+4 Slay+2}
 19724 | D:14     | Noticed Snorg
 19730 | D:14     | Killed Snorg
 19793 | D:14     | Found a glowing silver altar of Zin.
 19949 | D:14     | Found a gate to the Vaults.
 20087 | D:15     | Entered Level 15 of the Dungeon
 20293 | Spider:1 | Entered Level 1 of the Spider Nest
 20324 | Spider:1 | Gained mutation: You are frail. (-10% HP) [hidden defects]
 20402 | Spider:1 | Reached skill level 22 in Unarmed Combat
 20918 | Spider:1 | Reached skill level 5 in Throwing
 21597 | Spider:2 | Noticed Roxanne
 21659 | Spider:2 | Gained mutation: Your spells are a little easier to cast,
                  | but a little less powerful. [hidden defects]
 21659 | Spider:2 | Lost mutation: You have hidden genetic defects. [hidden
                  | defects expressed]
 21938 | Spider:2 | HP: 4/130 [radroach (37)]
 21944 | Spider:2 | Gained mutation: Potions are less effective at restoring
                  | your health. [mutagenic glow]
 21957 | Spider:2 | Gained mutation: Armour fits poorly on your strangely
                  | shaped body. [mutagenic glow]
 23080 | Spider:3 | Reached XP level 16. HP: 82/135 MP: 13/13
 23195 | Spider:3 | Noticed Agnes
 23201 | Spider:3 | Killed Agnes
 23860 | Spider:4 | Entered Level 4 of the Spider Nest
 24069 | Spider:3 | HP: 4/138 [something (11)]
 24603 | Spider:4 | Noticed Asterion
 24616 | Spider:3 | Killed Asterion
 24696 | Spider:3 | Reached skill level 23 in Unarmed Combat
 25093 | Spider:4 | Noticed Kirke
 25107 | Spider:4 | Killed Kirke
 25174 | Spider:4 | Got a gossamer rune of Zot
 25177 | Spider:4 | HP: 5/137 [meliai/divine providence (15)]
 25177 | Spider:4 | HP: 2/137 [meliai/+4 hand axe (3)]
 25191 | Spider:4 | Killed from afar by a meliai

Illustrated notes

Levels and vault maps discovered:
D:1:      noname_arrival_rooms_in_the_neighbourhood, layout_loops_corners,
          minivault_26
D:2:      layout_loops_corners, minmay_circle_x
D:3:      layout_basic, hellmonk_ecumenical_altar_lost_god,
          amcnicky_mini_corridor_feature
D:4:      layout_loops_ring
D:5:      layout_basic, cheibrodos_gnoll_hut
D:6:      layout_basic, kennysheep_little_box, minmay_temple_entry_slanted,
          uniq_pikel
D:7:      layout_loops_corners, uniq_crazy_yiuf_cottage
D:8:      layout_rooms, kennysheep_another_room
D:9:      layout_roguey
D:10:     layout_roguey, grunt_lair_entry_orc_guard_hut, roderic_roman_lattice
D:11:     layout_gridville, minmay_orc_entry_temple_small, serial_ice,
          serial_ice_j, serial_ice_g, serial_ice_e, serial_ice_o, serial_ice_f,
          serial_ice_m, serial_ice_a, serial_ice_h, serial_ice_c, serial_ice_n,
          minmay_bent
D:12:     layout_basic, gammafunk_ghost_stat_death
D:13:     layout_rooms, nrook_guardian_serpent_double
D:14:     layout_irregular_city, david_vaults_1, okawaru_metal_pillars_3,
          zin_angel, uniq_snorg
D:15:     gammafunk_enter_depths_forms, layout_loops_ring, enter_trove_5
Temple:   mainiacjoe_temple_starburst
Lair:1:   layout_long_grid, uniq_harold
Lair:2:   layout_regular_city, gammafunk_ghost_wrathful_warriors,
          grunt_megastairs_2
Lair:3:   layout_roguey, spider_nest_entry_funnel_web, bh_autumn_forest_stairs,
          beast_lair_carwin_8, uniq_sonja, uniq_nergalle
Lair:4:   layout_regular_city, elwin_shoals_entry_stream
Lair:5:   layout_layer_cave, minmay_slime_entry_jelly_boxes, uniq_urug
Lair:6:   gammafunk_lair_ancient_temple, layout_long_grid,
          nicolae_lair_lakeside_cave, infiniplex_staircase_pool
Spider:1: layout_spider_delve
Spider:2: layout_chambers, uniq_roxanne
Spider:3: layout_spider_delve, drop_trap, uniq_agnes
Spider:4: grunt_spider_rune_island, uniq_asterion, uniq_kirke
Orc:1:    layout_caves, special_room [special_room_orc]
Orc:2:    st_orc_rangers, layout_caves, gammafunk_ghost_grave

Skill      XL: |  1  2  3  4  5  6  7  8  9 10 11 12 13 14 15 16 |
---------------+-------------------------------------------------+-----
Unarmed Combat | 4 5 6 7 9 11 14 16 18 20 20 21 22 23 | 23.0
Fighting       | 3 4 5 6 7 8 |  8.8
Armour         | 1 0 |  0.8
Throwing       | 1 0 3 5 |  5.7
Evocations     | 1 |  1.2
Shields        | 3 5 9 |  9.0
Stealth        | 0 |  0.9
Dodging        | 3 |  3.0
Maces & Flails | |  0.5

Action                   |  1- 3 |  4- 6 |  7- 9 | 10-12 | 13-15 | 16-18 || total
-------------------------+-------+-------+-------+-------+-------+-------++-------
Melee: Unarmed           |    65 |   167 |   249 |   438 |  1158 |   381 ||  2458
       Punch             |     1 |     3 |    15 |    46 |    82 |       ||   147
       Whip              |       |     8 |     1 |     8 |    21 |       ||    38
Throw: Throwing net      |       |     1 |       |     1 |     2 |       ||     4
       Boomerang         |       |       |     2 |     5 |       |       ||     7
       Dart              |       |       |     3 |       |       |       ||     3
       Large rock        |       |       |       |       |    16 |       ||    16
Invok: Sacrifice Arcana  |       |       |     1 |       |       |       ||     1
       Sacrifice Essence |       |       |       |     2 |       |       ||     2
       Sacrifice Purity  |       |       |       |     1 |       |       ||     1
       Apocalypse        |       |       |       |       |    10 |     2 ||    12
       Draw Out Power    |       |       |       |       |     2 |     1 ||     3
       Sacrifice Skill   |       |       |       |       |     1 |       ||     1
       Reject Sacrifices |       |       |       |       |     2 |       ||     2
       Power Leap        |       |       |       |       |     1 |       ||     1
Evoke: Wand              |       |       |     1 |     8 |     7 |     1 ||    17
  Use: Scroll            |       |     8 |     2 |    10 |    14 |     5 ||    39
       Potion            |       |       |       |     2 |    10 |    10 ||    22
 Stab: Sleeping          |     4 |     1 |     4 |     3 |       |       ||    12
       Distracted        |       |       |     2 |     3 |     6 |     4 ||    15
       Invisible         |       |       |       |     1 |    11 |     6 ||    18
       Paralysed         |       |       |       |       |     7 |     1 ||     8
Armor: Robe              |    13 |    42 |   100 |    41 |       |       ||   196
       Troll leather arm |       |       |       |    86 |   132 |       ||   218
       Acid dragon scale |       |       |       |       |   210 |    67 ||   277
Dodge: Dodged            |    28 |    68 |   113 |   145 |   279 |    71 ||   704
Block: Tower shield      |       |       |       |       |   646 |   479 ||  1125
